 Dungeon Crawl Stone Soup version 0.32-a0-886-g41c5271027 (webtiles) character file.

Game seed: 9094858425123472157

85114 Biggs the Marksgoblin (level 15, -6/117 HPs)
             Began as a Coglin Hunter on Apr 2, 2024.
             Was the Champion of Okawaru.
             Shot with an arrow by a naga sharpshooter (14 damage)
             ... on level 4 of the Snake Pit.
             The game lasted 00:38:09 (18721 turns).

Biggs the Marksgoblin (Coglin Hunter)              Turns: 18721, Time: 00:38:10

Health: -6/117     AC: 13    Str: 11    XL:     15   Next: 82%
Magic:  21/21      EV: 22    Int: 11    God:    Okawaru [******]
Gold:   1215       SH:  0    Dex: 25    Spells: 14/14 levels left

rFire   + . .        C - +1 hand cannon (flame) {Olga}
rCold   + + .        G - +7 hand cannon "Safad" {drain, rF+ rC+ Int+2}
rNeg    . . .        D - +0 steam dragon scales
rPois   .            n - +1 helmet
rElec   +            A - +2 cloak
rCorr   .            s - +0 pair of gloves
SInv    .            N - +0 pair of boots
Will    +....        (amulet unavailable)
Stlth   ++           (ring unavailable)
HPRegen 1.19/turn    (ring unavailable)
MPRegen 0.57/turn    K - gigaarticulated matrix {rElec rC+ Regen+ RegenMP+}

%: no passive effects
@: lethally poisoned (-6 -> -9), revved
A: off-hand wielding, slow wielding, warmup strikes, no jewellery
a: Renounce Religion, Heroism, Finesse, Duel


You were on level 4 of the Snake Pit.
You worshipped Okawaru.
Okawaru was exalted by your worship.
You visited 4 branches of the dungeon, and saw 21 of its levels.
You also visited: Ice Cave.

You collected 1372 gold pieces.
You spent 157 gold pieces at shops.

Inventory:

Hand Weapons
 a - a +5 sling {Friedl}
 d - a +0 sling {Ning}
 C - a +1 hand cannon of flaming (weapon) {Olga}
 G - the +7 hand cannon "Safad" (offhand) {drain, rF+ rC+ Int+2}
   (Okawaru gifted it to you on level 1 of the Lair of Beasts)

   Int+2:     It affects your intelligence (+2).
   rF+:       It protects you from fire.
   rC+:       It protects you from cold.
Missiles
 w - 2 throwing nets
Armour
 n - a +1 helmet (worn)
 s - a +0 pair of gloves (worn)
 A - a +2 cloak (worn)
 D - +0 steam dragon scales (worn)
 F - the +7 Kryia's mail coat {PotionHeal*2 rC+}
   (Okawaru gifted it to you on level 1 of the Lair of Beasts)

   PotionHeal*2: Potions heal its wearer twice as much.
   rC+:       It protects you from cold.
 N - a +0 pair of boots (worn)
Gizmo
 K - a gigaarticulated matrix (installed) {rElec rC+ Regen+ RegenMP+}
   (You invented it yourself on level 3 of the Lair of Beasts)

   [gigaarticulated matrix]

   rC+:       It protects you from cold.
   rElec:     It insulates you from electricity.
   Regen+:    It increases your rate of health regeneration.
   RegenMP+:  It increases your rate of magic regeneration.
Wands
 c - a wand of quicksilver (3)
 e - a wand of paralysis (7)
 v - a wand of flame (12)
 z - a wand of iceblast (3)
 B - a wand of mindburst (9)
 R - a wand of digging (8)
Scrolls
 b - a scroll of butterflies
 h - a scroll of blinking
 k - a scroll of amnesia
 m - 7 scrolls of poison
 p - 2 scrolls of teleportation
 r - 2 scrolls of revelation
 t - 3 scrolls of fear
 y - a scroll of torment
 E - 5 scrolls of identify
 I - a scroll of immolation
 M - a scroll of fog
 O - a scroll of noise {unknown}
 Q - 2 scrolls of vulnerability {unknown}
 S - a scroll of enchant armour {unknown}
Potions
 f - 4 potions of curing
 g - 4 potions of attraction
 i - 3 potions of brilliance
 j - 4 potions of enlightenment
 l - 4 potions of haste
 o - 5 potions of mutation
 q - 2 potions of might
 u - a potion of ambrosia
 x - 2 potions of magic
 H - a potion of heal wounds {unknown}
 J - 2 potions of lignification {unknown}
 L - 2 potions of berserk rage {unknown}
 P - a potion of invisibility {unknown}


   Skills:
 - Level 10.4 Fighting
 - Level 18.0 Ranged Weapons
 - Level 4.5 Armour
 + Level 12.4 Dodging
 - Level 0.7 Stealth
 - Level 8.0 Invocations
 - Level 5.0 Evocations


You had 14 spell levels left.
You didn't know any spells.
Your spell library contained the following spells:

 Spells                   Type           Power      Damage    Failure   Level
 Blink                    Tloc           0%         N/A       47%         2
 Ensorcelled Hibernation  Hex/Ice        0%         N/A       47%         2
 Lesser Beckoning         Tloc           0%         N/A       47%         2
 Mercury Vapours          Alch/Air       0%         N/A       47%         2
 Momentum Strike          Conj/Tloc      0%         3d8       47%         2
 Dazzling Flash           Conj/Hex       0%         N/A       71%         3
 Fugue of the Fallen      Necr           0%         N/A       71%         3
 Mephitic Cloud           Conj/Alch/Air  0%         N/A       71%         3
 Anguish                  Hex/Necr       0%         N/A       98%         4
 Passage of Golubria      Tloc           0%         N/A       98%         4
 Curse of Agony           Necr           0%         N/A       100%        5
 Freezing Cloud           Conj/Ice/Air   0%         6-21      100%        5
 Silence                  Hex/Air        0%         N/A       100%        5
 Yara's Violent Unravell  Hex/Alch       0%         3d3       100%        5
 Eringya's Noxious Bog    Alch           0%         4d6       100%        6
 Orb of Destruction       Conj           0%         9d5       100%        7
 Tukima's Dance           Hex            Unusable   N/A       N/A         3
 Summon Blazeheart Golem  Fire/Summ      Unusable   N/A       N/A         4
 Summon Forest            Summ/Tloc      Unusable   N/A       N/A         5
 Spellforged Servitor     Conj/Summ      Unusable   N/A       N/A         7
 Summon Hydra             Summ           Unusable   N/A       N/A         7

Dungeon Overview and Level Annotations

Branches:
Dungeon (11/15)            Temple (1/1) D:6            Lair (5/5) D:11
 Shoals (0/4) Lair:3        Snake (4/4) Lair:3        Slime (0/5) Lair:4
    Orc (0/2) D:10          IceCv (visited)

Altars:
Ashenzari
Cheibriados
Dithmenos
Elyvilon
Fedhas
Gozag
Hepliaklqana
Kikubaaqudgha
Makhleb
Nemelex Xobeh
Okawaru
Qazlal
Ru
Sif Muna
Trog
Uskayaw
Vehumet
Wu Jian
Xom
Yredelemnul
The Shining One
Beogh
Jiyva

Shops:
D:1 *?==

Annotations:
D:3 2 runed translucent doors, Vashmi's ghost, amateur MDFi
D:10 Harold
Snake:1 1 transporter
Snake:4 TwadoKnight's ghost, adept MiFi


Innate Abilities, Weirdness & Mutations

You can wield a second weapon in your off-hand.
It takes a long time for you to wield or remove held weapons.
Your first few attacks do less damage.
You cannot equip rings or amulets.


Message History

You shoot a slug. The slug hits the black mamba!
You drain the black mamba.
The black mamba is heavily wounded.
You shoot a slug. The slug hits the black mamba!!
The slug burns the black mamba.
You kill the black mamba!
Okawaru accepts your kill.
You hear a shout!
You hear an angry hiss.
You hear a shout!
The guardian serpent coils itself and waves its upper body at you.
The naga warrior blinks!
The salamander barely misses you.
A naga comes into view. It is wielding a +0 mace.
You shoot a slug. The slug hits the guardian serpent!!
The slug burns the guardian serpent!
The guardian serpent is heavily wounded.
You shoot a slug. The slug hits the guardian serpent!!
You kill the guardian serpent!
Okawaru accepts your kill.
You hear an angry hiss.
A black mamba comes into view.
The naga warrior hits you with a +0 short sword!!
* * * LOW HITPOINT WARNING * * *
The naga warrior grabs you. The naga warrior constricts you!
* * * LOW HITPOINT WARNING * * *
The naga warrior hits you from afar with a +0 trident.
* * * LOW HITPOINT WARNING * * *
The salamander misses you.
The naga sharpshooter unwields a +0 war axe.
The naga sharpshooter wields a +0 shortbow.
The naga sharpshooter shoots an arrow.
The arrow hits you.
* * * LOW HITPOINT WARNING * * *
Blink to where?
Press: ? - help, Dir - move target You blink free of the naga warrior.
As you read the scroll of blinking, it crumbles to dust.
The naga sharpshooter spits poison at you.
The splash of poison hits you!
You are poisoned.
* * * LOW HITPOINT WARNING * * *
You feel very sick.
The naga sharpshooter shoots an arrow.
The arrow hits you!
You die...

#...##..##WNSN..
#........#######
.................
##.....^.........
......####..#... .....
.####... #..#...
.....###...##....#..####
......#.................
.....#@..###...........
#...........#.........
##....####....#...###. .
...#.N....##....#.....
....####N..##..#......#...
#..NNN)§○#..##.))))##.....
..##SN#####....).)).....##
#.. #...)....####### #..
#...#.#..# #


You could see a naga warrior (strong) and a naga sharpshooter (strong, catching
breath).

Vanquished Creatures
  Kirke (Lair:3)
  2 azure jellies (IceCv)
  Louise (Snake:2)
  A nagaraja (Snake:2)
  Josephine (Lair:3)
  Fannar (Lair:3)
  3 hydras
  A merfolk avatar (Lair:5)
  6 anacondas
  2 boulder beetles
  A two-headed ogre (D:11)
  8 death yaks
  7 naga sharpshooters
  3 naga warriors
  A shock serpent (Snake:1)
  A skyshark (Lair:3)
  2 salamander mystics
  A sea snake (Lair:5)
  3 mana vipers (Snake:3)
  A naga ritualist (Snake:3)
  Pikel (D:9)
  2 oklob plants (D:11)
  2 cyclopes (D:11)
  2 manticores
  11 elephants
  9 salamanders
  Maurice (D:9)
  15 black mambas
  3 guardian serpents
  A merfolk siren (Lair:3)
  2 ice statues (IceCv)
  A torpor snail (Lair:5)
  11 naga magi
  6 rime drakes
  6 komodo dragons
  12 cane toads
  A troll (D:11)
  A wind drake (Lair:5)
  2 polar bears (Lair:5)
  4 hornets
  6 dream sheep (Lair:5)
  15 blink frogs
  2 snapping turtles (Lair:5)
  29 slime creatures
  A shadow (D:9)
  3 hogs (Lair:3)
  4 wraiths
  42 yaks
  6 wyverns
  2 basilisks
  6 steam dragons
  A death yak simulacrum (Lair:5)
  20 nagas
  2 great orb of eyes simulacra (IceCv)
  11 water moccasins
  An acid dragon (D:7)
  5 black bears
  5 orc warriors
  2 ice beasts
  An ogre (D:6)
  9 wolves
  5 centaurs
  3 lemures (D:9)
  Blork the orc (D:5)
  2 slime creature simulacra (IceCv)
  10 bullfrogs
  A gnoll sergeant (D:9)
  2 kobold brigands (D:8)
  4 glowing shapeshifter simulacra (IceCv)
  4 scorpions
  5 wights (D:7)
  15 killer bees
  3 elephant simulacra (Lair:5)
  2 electric eels
  6 howler monkeys
  6 jellies (Lair:4)
  A gnoll bouda (Lair:5)
  4 orc priests
  2 hounds
  4 iguanas
  A hell rat (Lair:3)
  3 human skeletons (D:6)
  6 orc wizards
  A wolf simulacrum (Lair:5)
  5 gnolls (D:9)
  4 adders
  5 river rats (Lair:3)
  A white imp (D:5)
  8 ufetubi
  3 dart slugs
  24 orcs
  5 bats
  6 endoplasms
  3 giant cockroaches
  12 goblins
  8 hobgoblins
  6 jackals (D:1)
  5 quokkas
  7 ball pythons
  3 frilled lizards
  19 kobolds
  3 orc skeletons (D:6)
  15 rats
546 creatures vanquished.

Vanquished Creatures (others)
  Psyche (D:9)
  An orc wizard (D:10)
2 creatures vanquished.

Grand Total: 548 creatures vanquished

Notes
Turn   | Place    | Note
-------+----------+-------------------------------------------
     0 | D:1      | Biggs the Coglin Hunter began the quest for the Orb.
     0 | D:1      | Reached XP level 1. HP: 16/16 MP: 1/1
    71 | D:1      | Reached skill level 4 in Ranged Weapons
    71 | D:1      | Reached XP level 2. HP: 22/22 MP: 2/2
   128 | D:1      | Found Edahufaw's Magic Scroll Shoppe.
   168 | D:1      | Bought a scroll of identify for 20 gold pieces
   168 | D:1      | Bought a scroll of identify for 20 gold pieces
   210 | D:1      | Found Rool's Jewellery Shoppe.
   221 | D:1      | Reached XP level 3. HP: 27/27 MP: 3/3
   320 | D:1      | Found Issuazu's Jewellery Boutique.
   347 | D:1      | Found Wyazum's General Store.
   908 | D:3      | Reached skill level 5 in Ranged Weapons
   908 | D:3      | Reached XP level 4. HP: 33/33 MP: 4/4
   960 | D:3      | Found a large runed translucent door.
   960 | D:3      | Found a large runed translucent door.
   962 | D:3      | Noticed Vashmi's ghost (amateur MDFi)
  1607 | D:1      | Bought a scroll of blinking for 75 gold pieces
  1635 | D:1      | Bought a scroll of teleportation for 42 gold pieces
  1762 | D:4      | Reached XP level 5. HP: 38/38 MP: 5/5
  1807 | D:4      | Reached skill level 6 in Ranged Weapons
  2056 | D:4      | Noticed a black bear
  2066 | D:4      | Killed a black bear
  2067 | D:4      | Reached XP level 6. HP: 27/44 MP: 6/6
  2253 | D:4      | Found a white marble altar of Elyvilon.
  2309 | D:4      | Found a burning altar of Makhleb.
  2461 | D:5      | Entered Level 5 of the Dungeon
  2474 | D:5      | Reached skill level 7 in Ranged Weapons
  2480 | D:5      | Noticed Blork the orc
  2485 | D:5      | Noticed a black bear
  2591 | D:4      | Killed a black bear
  2592 | D:4      | Reached XP level 7. HP: 26/50 MP: 7/7
  2687 | D:5      | Killed Blork the orc
  2688 | D:5      | Reached skill level 8 in Ranged Weapons
  3058 | D:5      | Reached XP level 8. HP: 56/56 MP: 8/8
  3079 | D:5      | Reached skill level 9 in Ranged Weapons
  3386 | D:6      | Found a staircase to the Ecumenical Temple.
  3436 | Temple   | Entered the Ecumenical Temple
  3463 | Temple   | Became a worshipper of Warmaster Okawaru
  3807 | D:6      | Reached * piety under Okawaru
  3808 | D:6      | Reached skill level 10 in Ranged Weapons
  3854 | D:6      | Found a shadowy altar of Dithmenos.
  4413 | D:7      | Noticed a yak
  4415 | D:7      | Noticed a yak
  4415 | D:7      | Noticed a yak
  4454 | D:7      | Reached XP level 9. HP: 61/61 MP: 9/9
  4689 | D:7      | Reached ** piety under Okawaru
  4916 | D:7      | Reached skill level 5 in Fighting
  5401 | D:7      | Found a bloodstained altar of Trog.
  5548 | D:8      | Reached *** piety under Okawaru
  5549 | D:8      | Reached skill level 5 in Dodging
  5632 | D:8      | Noticed a manticore
  5751 | D:8      | Killed a manticore
  5752 | D:8      | Reached XP level 10. HP: 28/74 MP: 10/10
  6093 | D:8      | Paralysed by a hornet for 3 turns
  6097 | D:8      | Reached **** piety under Okawaru
  6519 | D:8      | Found a basalt altar of Yredelemnul.
  6703 | D:9      | Noticed Maurice
  6708 | D:9      | Maurice stole 386 gold
  6709 | D:9      | Maurice stole 2 throwing nets
  6714 | D:9      | Killed Maurice
  6900 | D:9      | Reached skill level 1 in Evocations
  7413 | D:9      | Reached skill level 5 in Evocations
  7591 | D:9      | Found a snail-covered altar of Cheibriados.
  7624 | D:9      | Paralysed by a hornet for 3 turns
  7631 | D:9      | Reached skill level 11 in Ranged Weapons
  7825 | D:9      | Noticed Psyche
  7834 | D:9      | Killed Psyche
  7858 | D:9      | Identified a scroll of acquirement
  8139 | D:9      | Noticed Pikel
  8170 | D:9      | Killed Pikel
  8171 | D:9      | Reached XP level 11. HP: 50/79 MP: 11/11
  8302 | D:10     | Entered Level 10 of the Dungeon
  8393 | D:10     | Reached ***** piety under Okawaru
  8394 | D:10     | Reached skill level 12 in Ranged Weapons
  8622 | D:10     | Found a shimmering altar of Xom.
  8628 | D:10     | Noticed Harold
  8809 | D:10     | Paralysed by an orc warrior for 3 turns
  8920 | D:10     | Found a staircase to the Orcish Mines.
  8941 | D:10     | Found a roughly hewn altar of Beogh.
  9123 | D:10     | Found a radiant altar of Vehumet.
  9154 | D:11     | Reached skill level 13 in Ranged Weapons
  9232 | D:11     | Noticed an oklob plant
  9248 | D:11     | Found a staircase to the Lair.
  9248 | D:11     | Noticed an oklob plant
  9351 | D:11     | Noticed a two-headed ogre
  9372 | D:11     | Killed a two-headed ogre
  9677 | D:11     | Paralysed by a hornet for 3 turns
  9684 | D:11     | Paralysed by a hornet for 3 turns
  9692 | D:11     | HP: 3/79 [poisoned by a hornet]
  9939 | D:11     | Noticed a cyclops
  9940 | D:11     | Noticed a cyclops
 10020 | D:11     | Killed a cyclops
 10073 | D:11     | Killed a cyclops
 10387 | D:11     | Acquired a +1 hand cannon of flaming
 10425 | D:11     | Killed an oklob plant
 10425 | D:11     | Reached ****** piety under Okawaru
 10566 | D:11     | Killed an oklob plant
 10566 | D:11     | Received a gift from Okawaru
 10567 | D:11     | Reached skill level 14 in Ranged Weapons
 10638 | Lair:1   | Entered Level 1 of the Lair of Beasts
 11057 | Lair:1   | Reached XP level 12. HP: 86/86 MP: 12/12
 11245 | Lair:1   | Reached skill level 15 in Ranged Weapons
 11446 | Lair:1   | Received a gift from Okawaru
 11758 | Lair:1   | Acquired the +7 Kryia's mail coat {PotionHeal*2 rC+}
 11758 | Lair:1   | Received a gift from Okawaru
 11758 | Lair:1   | Found the +7 Kryia's mail coat {PotionHeal*2 rC+}
 11780 | Lair:1   | Acquired the +7 hand cannon "Safad" {drain, rF+ rC+ Int+2}
 11780 | Lair:1   | Received a gift from Okawaru
 12235 | Lair:2   | Reached skill level 16 in Ranged Weapons
 12497 | Lair:2   | Noticed a death yak
 12499 | Lair:2   | Noticed a death yak
 12499 | Lair:2   | Noticed a death yak
 12503 | Lair:2   | Killed a death yak
 12507 | Lair:2   | Killed a death yak
 12507 | Lair:2   | Received a gift from Okawaru
 12510 | Lair:2   | Killed a death yak
 12758 | Lair:3   | Noticed a skyshark
 12976 | Lair:3   | Reached skill level 17 in Ranged Weapons
 12976 | Lair:3   | Reached XP level 13. HP: 91/91 MP: 13/13
 12988 | Lair:3   | Noticed Josephine
 12990 | Lair:3   | Received a gift from Okawaru
 12993 | Lair:3   | Killed Josephine
 13024 | Lair:3   | Noticed Kirke
 13026 | Lair:3   | Noticed a sphinx
 13571 | Lair:4   | Received a gift from Okawaru
 13591 | Lair:4   | Found a viscous altar of Jiyva.
 13591 | Lair:4   | Found a staircase to the Slime Pits.
 13742 | Lair:3   | Killed Kirke
 13743 | Lair:3   | Reached skill level 18 in Ranged Weapons
 13948 | Lair:3   | Received a gift from Okawaru
 14002 | Lair:3   | Noticed Fannar
 14017 | Lair:3   | Killed Fannar
 14264 | Lair:3   | Found a staircase to the Shoals.
 14311 | Lair:3   | Found a staircase to the Snake Pit.
 14475 | Lair:3   | Reached XP level 14. HP: 109/109 MP: 14/14
 14479 | Lair:3   | Reached skill level 10 in Fighting
 14480 | Lair:3   | Received a gift from Okawaru
 14484 | Lair:3   | Acquired a gigaarticulated matrix {rElec rC+ Regen+
                  | RegenMP+}
 15037 | Lair:4   | Reached skill level 1 in Invocations
 15614 | Lair:5   | Entered Level 5 of the Lair of Beasts
 15868 | Lair:5   | Received a gift from Okawaru
 15872 | Lair:5   | Reached skill level 5 in Invocations
 15877 | Lair:5   | Found a frozen archway.
 15897 | IceCv    | Entered an ice cave
 16088 | IceCv    | Found a viscous altar of Jiyva.
 16088 | IceCv    | Noticed an azure jelly
 16091 | IceCv    | Noticed an azure jelly
 16092 | IceCv    | Killed an azure jelly
 16096 | IceCv    | Killed an azure jelly
 16202 | IceCv    | Received a gift from Okawaru
 16665 | Lair:5   | Reached skill level 1 in Armour
 17025 | Snake:1  | Entered Level 1 of the Snake Pit
 17064 | Snake:1  | Found a transporter.
 17152 | Snake:1  | Reached XP level 15. HP: 110/117 MP: 21/21
 17163 | Snake:1  | Received a gift from Okawaru
 17294 | Snake:1  | You fall into a shaft and drop 1 floor!
 17393 | Snake:2  | Noticed Louise
 17407 | Snake:2  | HP: 3/117 [naga sharpshooter/arrow (19)]
 17546 | Snake:2  | Noticed a nagaraja
 17550 | Snake:2  | Killed a nagaraja
 17670 | Snake:2  | Identified the +0 ice dragon scales "Nekudd" {rF- rC++
                  | Dex+3 Slay+6}
 17719 | Snake:2  | Killed Louise
 17720 | Snake:2  | Reached skill level 10 in Dodging
 17755 | Snake:2  | Received a gift from Okawaru
 18166 | Snake:3  | Found Dafucuc's Book Emporium.
 18485 | Snake:3  | Received a gift from Okawaru
 18564 | Snake:4  | Entered Level 4 of the Snake Pit
 18569 | Snake:4  | Noticed a nagaraja
 18572 | Snake:4  | Noticed TwadoKnight's ghost (adept MiFi)
 18721 | Snake:4  | Shot with an arrow by a naga sharpshooter

Illustrated notes

Levels and vault maps discovered:
D:1:      dpeg_arrival_long_road, layout_rooms, serial_shops,
          nicolae_shop_advertising_works [nicolae_subvault_shop_adworks],
          nicolae_shop_tiny_glass, nicolae_shop_waterfront, shop
D:2:      layout_basic
D:3:      cheibrodos_greedy_goblins, layout_loops_cross,
          ebering_ghost_disaster_area
D:4:      layout_cave_pools, mainiacjoe_overflow_24_doors,
          mainiacjoe_overflow_surrounded_room
D:5:      layout_cave_pools, uniq_blork_the_orc
D:6:      layout_gridville, mainiacjoe_overflow_alcove_2,
          minmay_temple_entry_poolview, nicolae_ossuary_entry_catacombs
D:7:      layout_cave_pods, trog_hazing_becter
D:8:      layout_rooms, mainiacjoe_overflow_tiny_flanked, serial_bayou,
          serial_bayou_pond_d, serial_bayou_crossing, serial_bayou_pond_e,
          serial_bayou_lake_a
D:9:      layout_basic, lemuel_tele_altar, hangedman_decor_peaks_small,
          uniq_psyche, uniq_maurice, uniq_pikel
D:10:     layout_loops_ring, marbit_many_paths,
          mainiacjoe_overflow_catwalk_spiral, minmay_orc_entry_temple_small,
          uniq_harold
D:11:     layout_roguey, dpeg_oklobed_lair
Temple:   nicolae_temple_figure_eight
Lair:1:   layout_cave_pods, infiniplex_staircase_pool
Lair:2:   layout_gridlike
Lair:3:   layout_loops_ring, minmay_shoals_entry_lonely_mermaid,
          minmay_snake_entry_guardpost_small, kennysheep_abandoned_house,
          grunt_megastairs_1, uniq_kirke, uniq_josephine, uniq_fannar
Lair:4:   layout_layer_cave, nicolae_slime_entry_slimehenge, patterned_corridor,
          grunt_megastairs_4, infiniplex_staircase_pool_2, lemuel_fruit_tree
Lair:5:   gammafunk_lair_ancient_temple, layout_small_grid,
          portal_ice_cave_entry_ice_simulacra, dreamdust_gnoll_shepherd
Snake:1:  gammafunk_its_a_trap, layout_layer_cave
Snake:2:  nicolae_snake_attic_fulla_snakes, layout_gridlike, uniq_louise
Snake:3:  layout_honeycomb, serial_shops, nicolae_stop_n_shop_1,
          nicolae_snake_naga_rites
Snake:4:  johnstein_snake_rune_scales, layout_misc_corridors,
          gammafunk_ghost_arena, serial_bayou_shore_a, serial_bayou_shore_b

Skill      XL: |  1  2  3  4  5  6  7  8  9 10 11 12 13 14 15 |
---------------+----------------------------------------------+-----
Ranged Weapons | 4 5 6 7 8 10 11 14 17 18 | 18.0
Fighting       | 5 9 10 | 10.4
Dodging        | 7 8 12 | 12.4
Evocations     | 5 |  5.0
Invocations    | 8 |  8.0
Armour         | 3 4 |  4.5
Stealth        | |  0.7

Action                     |  1- 3 |  4- 6 |  7- 9 | 10-12 | 13-15 || total
---------------------------+-------+-------+-------+-------+-------++-------
  Melee: Sling             |       |     6 |       |     2 |       ||     8
         Unarmed           |       |       |       |       |     4 ||     4
   Fire: Sling             |   150 |   236 |   564 |   922 |       ||  1872
         Hand cannon       |       |       |       |   270 |  1166 ||  1436
 Invoke: Receive Weapon    |       |       |       |     1 |       ||     1
         Receive Armour    |       |       |       |     1 |       ||     1
Ability: Invent Gizmo      |       |       |       |       |     1 ||     1
  Evoke: Wand              |       |       |       |     9 |       ||     9
    Use: Scroll            |       |     7 |     7 |    12 |     4 ||    30
         Potion            |       |       |       |     2 |     5 ||     7
 Armour: Leather armour    |    11 |    62 |    63 |    62 |       ||   198
         Steam dragon scal |       |       |       |   107 |   152 ||   259
         Skin              |       |       |       |       |     6 ||     6
  Dodge: Dodged            |    11 |    45 |    48 |   217 |   161 ||   482

Table legend: (Time is in decaauts)
 A = Elapsed time spent in this place.
 B = Non-inter-level travel time spent in this place.
 C = Inter-level travel time spent in this place.
 D = Time resting spent in this place.
 E = Time spent auto-exploring this place.
 F = Levels seen in this place.
 G = Mean time per level.
                   A        B        C        D        E       F      G
               +--------+--------+--------+--------+--------+-----+--------+
         Total |  18778 |  18088 |    690 |   1487 |  13563 |  22 |  853.5 |
       Dungeon |  10594 |  10265 |    329 |   1103 |   7452 |  11 |  963.1 |
        Temple |     52 |      2 |     50 |      0 |      0 |   1 |   52.0 |
          Lair |   6064 |   5820 |    244 |    379 |   4566 |   5 | 1212.8 |
     Snake Pit |   1681 |   1615 |     66 |      4 |   1310 |   4 |  420.2 |
      Ice Cave |    385 |    385 |      0 |      0 |    234 |   1 |  385.0 |
               +--------+--------+--------+--------+--------+-----+--------+

Top non-repeatable levels by time:
  Lair:3: 1571 daAuts
     D:9: 1530 daAuts
    D:11: 1484 daAuts
  Lair:4: 1388 daAuts
     D:8: 1366 daAuts
  Lair:1: 1312 daAuts
     D:7: 1165 daAuts
     D:6: 1033 daAuts
  Lair:5: 995 daAuts
     D:4: 936 daAuts
 Snake:2: 858 daAuts
  Lair:2: 795 daAuts
     D:3: 754 daAuts
    D:10: 716 daAuts
     D:5: 609 daAuts
